 Dungeon Crawl Stone Soup version 0.31.0-10-gcf4a605ca0 (webtiles) character file.

Game seed: 15884465767993888245

286 AlmostDecent the Chopper (level 6, 43/48 HPs)
             Began as a Demonspawn Berserker on Jan 26, 2024.
             Was a Believer of Trog.
             Quit the game on level 4 of the Dungeon.
             The game lasted 00:06:05 (2122 turns).

AlmostDecent the Chopper (Demonspawn Berserker)     Turns: 2122, Time: 00:06:05

Health: 43/48      AC: 10    Str: 20    XL:     6   Next: 8%
Magic:  6/6        EV:  6    Int:  7    God:    Trog [**....]
Gold:   234        SH:  0    Dex: 12    Spells: 5/5 levels left

rFire   . . .        a - +0 hand axe
rCold   . . .        (no shield)
rNeg    . . .        h - +0 plate armour
rPois   .            (no helmet)
rElec   .            (no cloak)
rCorr   .            (gloves unavailable)
SInv    .            (no boots)
Will    .....        (no amulet) Stlth
                     (no ring)
HPRegen 0.28/turn    (no ring)
MPRegen 0.10/turn

%: no passive effects
@: on berserk cooldown, slowed, very slow
A: demonic magic 1, demonic touch 3
a: Renounce Religion, Berserk, Trog's Hand


You were on level 4 of the Dungeon.
You worshipped Trog.
Trog was pleased with you.
You visited 1 branch of the dungeon, and saw 4 of its levels.

You collected 234 gold pieces.

Inventory:

Hand Weapons
 a - a +0 hand axe (weapon)
 n - a +0 spear of venom
Armour
 b - a +0 animal skin
 h - a +0 plate armour (worn)
Scrolls
 c - a scroll of noise {unknown}
 d - a scroll of torment {unknown}
 e - 3 scrolls of identify {unknown}
 f - a scroll of teleportation {unknown}
 g - a scroll of amnesia {unknown}
 j - a scroll of enchant armour {unknown}
 k - a scroll of enchant weapon {unknown}
 l - 2 scrolls of blinking {unknown}
Potions
 i - 2 potions of magic {unknown}
 m - a potion of invisibility {unknown}


   Skills:
 + Level 4.0 Fighting
 * Level 5.7 Axes
 - Level 1.7 Armour
 - Level 1.7 Dodging


You had 5 spell levels left.
You didn't know any spells.
Your spell library was empty.

Dungeon Overview and Level Annotations

Branches:
Dungeon (4/15)
 Temple: D:4-7

Altars:
Ashenzari

Shops:
D:1 [


Innate Abilities, Weirdness & Mutations

Spells you cast may paralyse adjacent enemies.
Your touch may irresistibly damage your foes and sap their willpower.


Message History

A red film seems to cover your vision as you go berserk!
You feel yourself moving faster!
You feel mighty!
You hit Edmund.
Edmund is lightly wounded.
Edmund hits you but does no damage.
You hit Edmund. Your touch misses Edmund.
Edmund is moderately wounded.
Edmund hits you with a +1 flail of protection.
You hit Edmund but do no damage.
You touch Edmund!
You sap his willpower!
Edmund is heavily wounded.
You barely miss Edmund.
Edmund is heavily wounded.
Edmund hits you but does no damage.
You hit Edmund but do no damage.
You touch Edmund!
You sap his willpower!
Edmund is almost dead.
Edmund barely misses you.
You barely miss Edmund.
Edmund is almost dead.
You barely miss Edmund.
Edmund is almost dead.
Edmund hits you with a +1 flail of protection!
You slash Edmund!
You kill Edmund!
Trog accepts your kill.
Your Fighting skill increases to level 4!
You have reached level 6!
Your demonic ancestry asserts itself...
A menacing aura infuses your magic.
Things that are here:
a +1 flail of protection; a +0 scale mail You feel a strong urge to attack something.
You are no longer berserk.
You are exhausted.
You feel yourself slow down.
You see here a jackal corpse.
You now have 234 gold pieces (gained 15).
You see here a jackal corpse.
Things that are here:
a jackal corpse; a jackal corpse Are you sure you want to abandon this character and quit the game? (Confirm with "yes".)

#................
#..[.........?...
#.................
#.................
#.....<...........
#................
.......†.......#
.......).@.....#
.........†.....#
.........†.....#
...............#
###............#
#............#
#............#
#............#
#............#


There were no monsters in sight!

Vanquished Creatures
  Edmund (D:4)
  7 gnolls
  2 adders (D:3)
  3 dart slugs
  5 bats
  2 endoplasms (D:2)
  2 giant cockroaches
  8 goblins
  7 hobgoblins
  14 jackals
  4 kobolds (D:1)
  A quokka (D:1)
  4 ball pythons
  2 frilled lizards
  5 rats
67 creatures vanquished.

Notes
Turn   | Place    | Note
-------+----------+-------------------------------------------
     0 | D:1      | AlmostDecent the Demonspawn Berserker began the quest for
                  | the Orb.
     0 | D:1      | Reached XP level 1. HP: 18/18 MP: 1/1
    70 | D:1      | Reached skill level 3 in Axes
   116 | D:1      | Discovered your monstrous ancestry.
   116 | D:1      | Gained mutation: Your touch may inflict minor irresistible
                  | damage on your foes. [demonic ancestry]
   116 | D:1      | Reached XP level 2. HP: 20/24 MP: 2/2
   271 | D:1      | Found Wonifoss's Antique Armour Shoppe.
   662 | D:1      | Gained mutation: Your touch may inflict irresistible damage
                  | on your foes. [demonic ancestry]
   662 | D:1      | Reached XP level 3. HP: 20/29 MP: 3/3
   981 | D:2      | Reached ** piety under Trog
  1032 | D:2      | Reached skill level 4 in Axes
  1079 | D:2      | Reached XP level 4. HP: 33/35 MP: 4/4
  1079 | D:2      | You fall into a shaft and drop 2 floors!
  1686 | D:3      | Found a broken altar of Ashenzari.
  1974 | D:4      | Gained mutation: Your touch may irresistibly damage your
                  | foes and sap their willpower. [demonic ancestry]
  1974 | D:4      | Reached XP level 5. HP: 35/42 MP: 5/5
  2095 | D:4      | Reached skill level 5 in Axes
  2098 | D:4      | Noticed Edmund
  2111 | D:4      | Killed Edmund
  2112 | D:4      | Gained mutation: Spells you cast may paralyse adjacent
                  | enemies. [demonic ancestry]
  2112 | D:4      | Reached XP level 6. HP: 48/48 MP: 6/6
  2122 | D:4      | Quit the game

Illustrated notes

Levels and vault maps discovered:
D:1:      denvon_arrival_planthouse, layout_loops_cross, serial_glass,
          glass_columns_a, glass_columns_a, due_unseen_surprise, serial_shops,
          nicolae_shop_rolling_square
D:2:      layout_rooms
D:3:      layout_rooms, evilmike_ruin_ashenzari
D:4:      layout_gridville, uniq_sigmund, uniq_edmund

Skill      XL: |  1  2  3  4  5 |
---------------+----------------+-----
Axes           | 3 4 5 |  5.7
Fighting       | 4 |  4.0
Armour         | |  1.7
Dodging        | |  1.7

Action                     |  1- 3 |  4- 6 || total
---------------------------+-------+-------++-------
  Melee: Hand axe          |    88 |    70 ||   158
         Punch             |     1 |       ||     1
         Touch             |    10 |    16 ||    26
 Invoke: Berserk           |     3 |     2 ||     5
         Trog's Hand       |       |     1 ||     1
 Armour: Animal skin       |    42 |       ||    42
         Plate armour      |     9 |    65 ||    74
  Dodge: Dodged            |    57 |    31 ||    88
